 Dungeon Sprint DCSS version 0.17-a0-1691-g18a3847 (webtiles) character file.

56743 Kidiri the Unseen (level 13, -22/49 HPs)
             Began as a Spriggan Enchanter on Aug 20, 2015.
             Was the Champion of Dithmenos.
             Killed by the air
             ... invoked by Gastronok
              (28 damage)
             ... in the Dungeon (Sprint III: "The Ten Rune Challenge").
             The game lasted 00:17:10 (3806 turns).

Kidiri the Unseen (Spriggan Enchanter)              Turns: 3806, Time: 00:17:11

Health: -22/49     AC:  5    Str:  4    XL:     13   Next: 11%
Magic:  17/33      EV: 34    Int: 19    God:    Dithmenos [******]
Gold:   20         SH:  0    Dex: 19    Spells: 13 memorised, 0 levels left

rFire  . . .     SeeInvis +     a - +1 dagger
rCold  . . .     Clarity  .     b - +2 robe
rNeg   . . .     SustAt   .     (shield restricted)
rPois  +         Gourm    .     (helmet restricted)
rElec  .         Spirit   .     (no cloak)
rCorr  .         Warding  .     (gloves unavailable)
rMut   .         NoTele   +     (boots unavailable)
MR     ++...                    (no amulet)
Stlth  ++++++++++               (no ring)
                                (no ring)

@: wreathed by umbra, very quick, very resistant to hostile enchantments,
uncannily stealthy
A: unfitting armour, antennae 1, fangs 1, see invisible, herbivore 3, speed 3,
frail 1, poison resistance, shaggy fur 1, slow metabolism 2
a: Shadow Step, Shadow Form, Renounce Religion
}: 2/10 runes: serpentine, barnacled


You were in the Dungeon.
You worshipped Dithmenos.
Dithmenos was exalted by your worship.
You were full.

You visited 1 branch You collected 20 gold pieces.

Inventory:

Hand weapons
 a - a +1 dagger (weapon)
Missiles
 l - 9 throwing nets (quivered)
Armour
 b - a +2 robe (worn)
 f - a +0 robe of magic resistance
Potions
 e - 2 potions of ambrosia {unknown}
 g - a potion of haste
 h - 2 potions of magic
 i - a potion of berserk rage
 k - a potion of brilliance {unknown}
 q - a potion of cancellation
 r - 2 potions of flight
 u - 2 potions of cure mutation
 v - 3 potions of might
Books
 c - a book of Debilitation

   Spells                             Type                      Level
   a - Corona                         Hexes                        1
   b - Slow                           Hexes                        2
   c - Gell's Gravitas                Hexes/Translocation          3
   d - Inner Flame                    Hexes/Fire                   3
   e - Cause Fear                     Hexes                        4
   f - Leda's Liquefaction            Hexes/Earth                  4
Comestibles
 d - 2 bread rations
 p - 23 royal jellies


   Skills:
 + Level 10.9 Short Blades
 * Level 18.1 Dodging
 * Level 19.5 Stealth
 * Level 15.7 Spellcasting
 + Level 7.1 Conjurations
 + Level 12.1 Hexes
 + Level 11.9 Charms
 + Level 11.9 Translocations
 + Level 10.8 Transmutations
 + Level 8.0 Ice Magic
 + Level 7.8 Air Magic
 + Level 7.8 Earth Magic
 - Level 4.3 Invocations


You couldn't memorise any spells.
You knew the following spells:

 Your Spells              Type           Power        Failure   Level  Hunger
a - Corona                Hex            ######.      1%          1    None
b - Ensorcelled Hibernat  Hex/Ice        ######       1%          2    None
c - Confuse               Hex            ######..     1%          3    None
d - Tukima's Dance        Hex            ######..     1%          3    None
e - Dazzling Spray        Conj/Hex       ######..     1%          3    None
f - Swiftness             Chrm/Air       ######..     1%          2    None
g - Passwall              Trmt/Erth      ######....   1%          3    None
h - Passage of Golubria   Tloc           N/A          1%          4    None
i - Darkness              Hex            ######....   4%          6    #####..
j - Lee's Rapid Deconstr  Erth           #####.....   6%          5    ###....
k - Invisibility          Hex            ######..     4%          6    #####..
l - Slow                  Hex            ######..     1%          2    None
m - Gell's Gravitas       Hex/Tloc       ######....   1%          3    None


Dungeon Overview and Level Annotations

Branches:
Dungeon (1/1)

Altars:
Cheibriados
Dithmenos
Elyvilon
Fedhas
Gozag
Kikubaaqudgha
Makhleb
Nemelex Xobeh
Okawaru
Qazlal
Ru
Sif Muna
Trog
Vehumet
Xom
Yredelemnul
Zin
The Shining One
Jiyva
Lugonu

Shops:
D [!=[:?

Annotations:
D Gastronok


Innate Abilities, Weirdness & Mutations

You are tiny and cannot use many weapons and most armour.
You have supernaturally acute eyesight.
You are a herbivore.
You cover ground extremely quickly.
You need consume almost no food.
You have a pair of small antennae on your head.
You have very sharp teeth.
You are frail (-10% HP).
Your system is resistant to poisons.
You are covered in fur (AC +1).


Message History

You start resting.
Casting: Dazzling Spray
Confirm with . or Enter, or press ? or * to list all spells.
Aiming: Ensorcelled Hibernation
Press: ? - help, Shift-Dir - straight line, f - Gastronok
Aim: Gastronok, wearing a runed hat (umbra, chance to defeat MR: 22%) Gastronok resists with almost no effort.
Casting: Ensorcelled Hibernation
Confirm with . or Enter, or press ? or * to list all spells.
Aiming: Dazzling Spray
Press: ? - help, Shift-Dir - straight line, f/p - Gastronok
Aim: Gastronok, wearing a runed hat (umbra)
The spray of energy hits Gastronok.
Gastronok is lightly wounded.
Your shadow mimicks your spell!
The shadow shard hits Gastronok.
Gastronok waves his eye-stalks in wide circles.
The air twists around and strikes you!
Ouch! That really hurt!
You die...

▓...+..≈≈≈≈≈.≈♣♣.....♣♣♣♣≈≈≈....
▓Y.P#≈≈≈§§§≈≈≈♣♣.≈≈≈≈+♣♣'♣≈≈≈≈≈≈
▓YPP#..§≈§§≈≈≈≈'...%%#.≈♣♣♣♣♣♣♣♣
▓.YP#≈≈§§§≈§≈≈♣♣♣♣♣♣♣#..♣♣
▓.§§#≈≈≈≈≈≈≈≈.♣ ###+♣♣♣♣♣♣♣
▓##§####+#######♣ ♣♣♣♣.##..##≈
▓.§.§..w.w.{{.§§♣♣ ♣...##.##.#≈
▓#+#############w♣ ♣♣.##.##.##+
..J#≈........§@.♣ ♣..#.##...#
▓...+≈≈...########♣♣ ♣♣.##.##.)#
▓JJ.#≈≈≈......(...P♣ ♣♣.##.#####
▓J..#≈≈≈≈.........P♣ ♣.....##...
#+#############+#############+##
▓≈≈≈≈≈≈≈≈≈≈≈≈▓#...
▓≈≈≈≈≈≈≈≈≈≈≈≈▓#...
▓≈≈≈..≈≈≈≈≈..▓####
▓≈≈..%.≈≈≈...▓##..


You could see Gastronok.

Vanquished Creatures
  Rupert (D)
  Polyphemus (D)
  A greater naga (D)
  Ilsuiw (D)
  Maud (D)
  A dire elephant (D)
  A merfolk javelineer (D)
  A naga warrior (D)
  2 anacondas (D)
  Erolcha (D)
  2 hydras (D)
  4 death yaks (D)
  A sea snake (D)
  A spriggan druid (D)
  A death drake (D)
  A lindwurm (D)
  A guardian serpent (D)
  7 black mambas (D)
  2 spiny frogs (D)
  A fire drake (D)
  A komodo dragon (D)
  A deep elf priest (D)
  A queen bee (D)
  3 wandering mushrooms (D)
  8 blink frogs (D)
  4 redbacks (D)
  2 spriggans (D)
  2 trapdoor spiders (D)
  A shadow (D)
  2 hill giants (D)
  4 water moccasins (D)
  2 nagas (D)
  A spatial vortex (D)
  A necrophage (D)
  A swamp drake (D)
  3 two-headed ogres (D)
  2 brain worms (D)
  A water elemental (D)
  32 killer bees (D)
  An electric eel (D)
  A jelly (D)
  A necromancer (D)
  A wizard (D)
  3 sheep (D)
  3 humans (D)
  A kobold demonologist (D)
  4 adders (D)
  An ooze (D)
  A phantom (D)
  3 rats (D)
124 creatures vanquished.

Vanquished Creatures (others)
  2 draconian scorchers (D)
  3 yaktaurs (D)
  9 plants (D)
14 creatures vanquished.

Grand Total: 138 creatures vanquished

Notes
Turn   | Place    | Note
--------------------------------------------------------------
     0 | D        | Kidiri the Spriggan Enchanter began the quest for the Orb.
     0 | D        | Reached XP level 1. HP: 9/9 MP: 5/5
    15 | D        | Reached skill level 5 in Stealth
   167 | D        | Reached XP level 2. HP: 13/13 MP: 5/7
   175 | D        | Learned a level 2 spell: Ensorcelled Hibernation
   196 | D        | Reached skill level 5 in Dodging
   196 | D        | Reached skill level 6 in Stealth
   196 | D        | Reached XP level 3. HP: 16/16 MP: 5/9
   204 | D        | Learned a level 3 spell: Confuse
   208 | D        | Learned a level 3 spell: Tukima's Dance
   224 | D        | Gained mutation: You have very sharp teeth. [potion of mutation]
   224 | D        | Gained mutation: You have a pair of small antennae on your head. [potion of mutation]
   224 | D        | Gained mutation: Your system is resistant to poisons. [potion of mutation]
   224 | D        | Killed a white draconian scorcher
   225 | D        | Gained mutation: You are frail (-10% HP). [potion of mutation]
   225 | D        | Gained mutation: You are covered in fur (AC +1). [potion of mutation]
   237 | D        | Noticed a water elemental
   249 | D        | Killed a water elemental
   249 | D        | Reached skill level 7 in Stealth
   249 | D        | Reached skill level 5 in Spellcasting
   249 | D        | Reached skill level 1 in Ice Magic
   249 | D        | Reached XP level 4. HP: 18/18 MP: 10/12
   253 | D        | Killed a white draconian scorcher
   356 | D        | Learned a level 3 spell: Dazzling Spray
   383 | D        | Noticed a jelly
   384 | D        | Noticed a shadow
   386 | D        | Killed a shadow
   386 | D        | Reached skill level 8 in Dodging
   386 | D        | Reached skill level 9 in Stealth
   386 | D        | Reached skill level 1 in Conjurations
   386 | D        | Reached skill level 5 in Hexes
   386 | D        | Reached XP level 5. HP: 21/21 MP: 12/15
   391 | D        | Killed a jelly
   439 | D        | Found a stormy altar of Qazlal.
   440 | D        | Found a sacrificial altar of Ru.
   440 | D        | Found a burning altar of Makhleb.
   440 | D        | Found a viscous altar of Jiyva.
   440 | D        | Found a shimmering altar of Xom.
   440 | D        | Found a shadowy altar of Dithmenos.
   440 | D        | Found a sparkling altar of Nemelex Xobeh.
   440 | D        | Found a corrupted altar of Lugonu.
   440 | D        | Found an opulent altar of Gozag.
   440 | D        | Noticed a spatial vortex
   444 | D        | Became a worshipper of Dithmenos the Shadowed
   460 | D        | Killed a spatial vortex
   460 | D        | Reached skill level 10 in Stealth
   460 | D        | Reached skill level 1 in Invocations
   460 | D        | Reached XP level 6. HP: 25/25 MP: 1/17
   583 | D        | Found a radiant altar of Vehumet.
   584 | D        | Found a deep blue altar of Sif Muna.
   584 | D        | Found an ancient bone altar of Kikubaaqudgha.
   584 | D        | Noticed a wizard
   585 | D        | Killed a wizard
   585 | D        | Reached skill level 5 in Short Blades
   601 | D        | Learned a level 2 spell: Swiftness
   605 | D        | Learned a level 3 spell: Passwall
   610 | D        | Learned a level 4 spell: Passage of Golubria
   615 | D        | Found a glowing silver altar of Zin.
   616 | D        | Found a glowing golden altar of the Shining One.
   616 | D        | Found a white marble altar of Elyvilon.
   616 | D        | Noticed a deep elf priest
   618 | D        | Killed a deep elf priest
   618 | D        | Reached skill level 10 in Dodging
   618 | D        | Reached skill level 11 in Stealth
   618 | D        | Reached skill level 1 in Transmutations
   618 | D        | Reached skill level 1 in Air Magic
   618 | D        | Reached skill level 1 in Earth Magic
   618 | D        | Reached XP level 7. HP: 28/28 MP: 20/20
   630 | D        | Found an iron altar of Okawaru.
   631 | D        | Found a bloodstained altar of Trog.
   631 | D        | Noticed a human
   631 | D        | Noticed a human
   633 | D        | Killed a human
   634 | D        | Killed a human
   648 | D        | Found a basalt altar of Yredelemnul.
   648 | D        | Found a snail-covered altar of Cheibriados.
   648 | D        | Found a blossoming altar of Fedhas.
   648 | D        | Noticed a necrophage
   648 | D        | Noticed a necromancer
   650 | D        | Killed a necrophage
   650 | D        | Acquired Dithmenos's first power
   651 | D        | Killed a necromancer
   651 | D        | Reached XP level 8. HP: 32/32 MP: 22/22
   669 | D        | Noticed a two-headed ogre
   669 | D        | Noticed a two-headed ogre
   673 | D        | Killed a two-headed ogre
   673 | D        | Reached skill level 12 in Stealth
   676 | D        | Killed a two-headed ogre
   676 | D        | Acquired Dithmenos's second power
   680 | D        | Noticed a two-headed ogre
   681 | D        | Killed a two-headed ogre
   702 | D        | Noticed a hill giant
   705 | D        | Killed a hill giant
   711 | D        | Noticed a hill giant
   711 | D        | Noticed Erolcha
   713 | D        | Killed Erolcha
   713 | D        | Reached skill level 13 in Stealth
   713 | D        | Reached skill level 10 in Spellcasting
   713 | D        | Reached XP level 9. HP: 35/35 MP: 22/24
   714 | D        | Killed a hill giant
   714 | D        | Acquired Dithmenos's third power
   714 | D        | Reached skill level 5 in Charms
   714 | D        | Reached skill level 5 in Translocations
   727 | D        | Learned a level 6 spell: Darkness
   788 | D        | Noticed a redback
   789 | D        | Killed a yaktaur
   790 | D        | Noticed a trapdoor spider
   796 | D        | Killed a redback
   798 | D        | Killed a trapdoor spider
   973 | D        | Noticed a trapdoor spider
   979 | D        | Killed a trapdoor spider
   979 | D        | Reached skill level 5 in Transmutations
  1056 | D        | Noticed a killer bee
  1056 | D        | Noticed a killer bee
  1056 | D        | Noticed a killer bee
  1056 | D        | Noticed a killer bee
  1056 | D        | Noticed a killer bee
  1056 | D        | Noticed a killer bee
  1056 | D        | Noticed a killer bee
  1056 | D        | Noticed a killer bee
  1056 | D        | Noticed a killer bee
  1056 | D        | Noticed a killer bee
  1056 | D        | Noticed a killer bee
  1056 | D        | Noticed a killer bee
  1056 | D        | Noticed a killer bee
  1056 | D        | Noticed a killer bee
  1056 | D        | Noticed a killer bee
  1057 | D        | Noticed a killer bee
  1057 | D        | Noticed a killer bee
  1057 | D        | Noticed a killer bee
  1057 | D        | Noticed a queen bee
  1057 | D        | Noticed a killer bee
  1057 | D        | Noticed a killer bee
  1057 | D        | Noticed a killer bee
  1057 | D        | Noticed a killer bee
  1057 | D        | Noticed a killer bee
  1057 | D        | Noticed a killer bee
  1057 | D        | Noticed a killer bee
  1057 | D        | Noticed a killer bee
  1057 | D        | Noticed a killer bee
  1057 | D        | Noticed a killer bee
  1057 | D        | Noticed a killer bee
  1057 | D        | Noticed a killer bee
  1057 | D        | Noticed a killer bee
  1057 | D        | Noticed a killer bee
  1061 | D        | Killed a killer bee
  1064 | D        | Killed a killer bee
  1066 | D        | Killed a killer bee
  1068 | D        | Killed a killer bee
  1070 | D        | Killed a killer bee
  1070 | D        | Acquired Dithmenos's fourth power
  1072 | D        | Killed a killer bee
  1075 | D        | Killed a killer bee
  1078 | D        | Killed a killer bee
  1211 | D        | Killed a killer bee
  1216 | D        | Killed a killer bee
  1220 | D        | Killed a killer bee
  1222 | D        | Killed a killer bee
  1222 | D        | Killed a killer bee
  1222 | D        | Killed a killer bee
  1368 | D        | Killed a killer bee
  1368 | D        | Reached skill level 14 in Stealth
  1370 | D        | Killed a killer bee
  1370 | D        | Reached skill level 5 in Ice Magic
  1372 | D        | Killed a killer bee
  1376 | D        | Killed a killer bee
  1380 | D        | Killed a killer bee
  1382 | D        | Killed a killer bee
  1386 | D        | Killed a killer bee
  1388 | D        | Killed a killer bee
  1392 | D        | Killed a killer bee
  1526 | D        | Killed a killer bee
  1528 | D        | Killed a killer bee
  1529 | D        | Killed a killer bee
  1529 | D        | Killed a killer bee
  1536 | D        | Killed a killer bee
  1548 | D        | Killed a queen bee
  1548 | D        | Reached XP level 10. HP: 30/39 MP: 11/26
  1549 | D        | Killed a yaktaur
  1569 | D        | Killed a killer bee
  1575 | D        | Killed a killer bee
  1578 | D        | Killed a killer bee
  1580 | D        | Killed a killer bee
  1741 | D        | Noticed a wandering mushroom
  1742 | D        | Noticed a wandering mushroom
  1742 | D        | Noticed a wandering mushroom
  1744 | D        | Killed a wandering mushroom
  1765 | D        | Learned a level 5 spell: Lee's Rapid Deconstruction
  1790 | D        | Killed a wandering mushroom
  1791 | D        | Killed a wandering mushroom
  1831 | D        | Noticed a spiny frog
  1831 | D        | Noticed a komodo dragon
  1831 | D        | Noticed a spiny frog
  1835 | D        | Killed a komodo dragon
  1836 | D        | Killed a spiny frog
  1841 | D        | Killed a spiny frog
  1841 | D        | Reached skill level 15 in Stealth
  1841 | D        | Reached skill level 5 in Earth Magic
  1857 | D        | Noticed a redback
  1860 | D        | Killed a redback
  1866 | D        | Noticed a brain worm
  1869 | D        | Killed a brain worm
  2104 | D        | Noticed a brain worm
  2106 | D        | Killed a brain worm
  2112 | D        | Noticed a lindwurm
  2114 | D        | Noticed a redback
  2115 | D        | Killed a lindwurm
  2115 | D        | Reached skill level 5 in Air Magic
  2117 | D        | Killed a redback
  2122 | D        | Noticed a redback
  2123 | D        | Killed a redback
  2124 | D        | Noticed Maud
  2127 | D        | Killed Maud
  2127 | D        | Reached skill level 5 in Conjurations
  2127 | D        | Reached XP level 11. HP: 42/42 MP: 28/28
  2197 | D        | Noticed an electric eel
  2198 | D        | Noticed a seven-headed hydra
  2198 | D        | Noticed a five-headed hydra
  2199 | D        | Killed an electric eel
  2201 | D        | Killed a seven-headed hydra
  2201 | D        | Reached skill level 10 in Hexes
  2202 | D        | Killed a five-headed hydra
  2202 | D        | Reached skill level 15 in Dodging
  2202 | D        | Reached skill level 16 in Stealth
  2245 | D        | Noticed a death drake
  2248 | D        | Killed a death drake
  2258 | D        | Found a blossoming altar of Fedhas.
  2258 | D        | Noticed a spriggan
  2258 | D        | Noticed a spriggan druid
  2258 | D        | Noticed a spriggan
  2261 | D        | Killed a spriggan
  2266 | D        | Killed a spriggan druid
  2267 | D        | Killed a spriggan
  2388 | D        | Noticed a black mamba
  2389 | D        | Noticed a black mamba
  2392 | D        | Killed a black mamba
  2394 | D        | Killed a black mamba
  2431 | D        | Noticed an anaconda
  2431 | D        | Noticed a black mamba
  2431 | D        | Noticed a water moccasin
  2433 | D        | Killed a black mamba
  2435 | D        | Killed an anaconda
  2436 | D        | Killed a water moccasin
  2478 | D        | Noticed a black mamba
  2478 | D        | Noticed an anaconda
  2478 | D        | Noticed a water moccasin
  2478 | D        | Noticed a water moccasin
  2478 | D        | Noticed a black mamba
  2479 | D        | Killed a black mamba
  2479 | D        | Reached skill level 17 in Stealth
  2481 | D        | Killed an anaconda
  2485 | D        | Killed a water moccasin
  2487 | D        | Killed a black mamba
  2489 | D        | Killed a water moccasin
  2489 | D        | Reached skill level 10 in Charms
  2497 | D        | Noticed a water moccasin
  2502 | D        | Killed a water moccasin
  2573 | D        | Noticed a naga
  2573 | D        | Noticed a naga
  2574 | D        | Noticed a naga warrior
  2574 | D        | Noticed a greater naga
  2574 | D        | Found Ifoz's Antique Armour Shop.
  2574 | D        | Found Qesuqeino's Book Shoppe.
  2575 | D        | Killed a naga
  2576 | D        | Killed a naga
  2577 | D        | Found Qeinguq's Magic Scroll Boutique.
  2578 | D        | Killed a naga warrior
  2578 | D        | Reached skill level 10 in Translocations
  2579 | D        | Killed a greater naga
  2579 | D        | Reached XP level 12. HP: 45/45 MP: 25/31
  2612 | D        | Learned a level 6 spell: Invisibility
  2619 | D        | Noticed a guardian serpent
  2622 | D        | Killed a guardian serpent
  2624 | D        | Got a serpentine rune of Zot
  2822 | D        | Noticed a swamp drake
  2822 | D        | Noticed a fire drake
  2823 | D        | Killed a fire drake
  2825 | D        | Killed a swamp drake
  2837 | D        | Noticed a blink frog
  2838 | D        | Noticed a blink frog
  2838 | D        | Noticed a blink frog
  2838 | D        | Noticed a blink frog
  2838 | D        | Noticed a blink frog
  2839 | D        | Killed a blink frog
  2843 | D        | Killed a blink frog
  2846 | D        | Killed a blink frog
  2855 | D        | Killed a blink frog
  2861 | D        | Killed a blink frog
  2952 | D        | Killed a yaktaur
  2963 | D        | Noticed Rupert
  2965 | D        | Killed Rupert
  2965 | D        | Reached skill level 10 in Short Blades
  2965 | D        | Reached skill level 18 in Stealth
  2987 | D        | Noticed a death yak
  2988 | D        | Noticed a death yak
  2988 | D        | Noticed a blink frog
  2989 | D        | Noticed an azure jelly
  2989 | D        | Noticed a death yak
  2989 | D        | Noticed an azure jelly
  2989 | D        | Noticed a blink frog
  2989 | D        | Noticed a death yak
  2990 | D        | Killed a death yak
  2991 | D        | Killed a blink frog
  2992 | D        | Noticed a blink frog
  3003 | D        | Killed a death yak
  3003 | D        | Reached skill level 10 in Transmutations
  3007 | D        | Killed a blink frog
  3160 | D        | Learned a level 2 spell: Slow
  3168 | D        | Noticed a black mamba
  3169 | D        | Noticed a black mamba
  3171 | D        | Killed a black mamba
  3173 | D        | Killed a black mamba
  3173 | D        | Reached skill level 15 in Spellcasting
  3194 | D        | Killed a death yak
  3241 | D        | Killed a blink frog
  3465 | D        | Killed a death yak
  3499 | D        | Noticed Polyphemus
  3511 | D        | Killed Polyphemus
  3511 | D        | Reached skill level 19 in Stealth
  3513 | D        | Noticed Ilsuiw
  3514 | D        | Noticed a sea snake
  3520 | D        | Found Leymak's Antique Armour Shoppe.
  3523 | D        | Killed Ilsuiw
  3527 | D        | Killed a sea snake
  3527 | D        | Reached XP level 13. HP: 49/49 MP: 12/33
  3626 | D        | Learned a level 3 spell: Gell's Gravitas
  3676 | D        | Found Georuch's Distillery.
  3676 | D        | Found Toisch Gokoth's Jewellery Emporium.
  3676 | D        | Noticed a merfolk javelineer
  3678 | D        | Killed a merfolk javelineer
  3696 | D        | Got a barnacled rune of Zot
  3764 | D        | Noticed an azure jelly
  3764 | D        | Noticed an azure jelly
  3765 | D        | Noticed an elephant
  3765 | D        | Noticed an elephant
  3765 | D        | Noticed a dire elephant
  3765 | D        | Noticed a dire elephant
  3765 | D        | Noticed Gastronok
  3793 | D        | Killed a dire elephant
  3806 | D        | Killed from afar by Gastronok

Vault maps used:
D:        dungeon_sprint_mu

Action                   |  1- 3 |  4- 6 |  7- 9 | 10-12 | 13-15 || total
-------------------------+-------+-------+-------+-------+-------++-------
Melee: Dagger            |    17 |    14 |    49 |   102 |     5 ||   187
 Cast: Ensorcelled Hiber |     1 |     2 |    38 |    26 |     1 ||    68
       Dazzling Spray    |       |     4 |     9 |    32 |     7 ||    52
       Confuse           |       |       |     1 |    11 |       ||    12
Invok: Shadow Step       |       |       |     1 |    16 |     1 ||    18
  Use: Scroll            |     9 |       |       |     1 |       ||    10
       Potion            |     3 |       |       |     2 |       ||     5
 Stab: Sleeping          |     6 |     5 |    32 |    53 |     1 ||    97
       Confused          |       |       |     2 |     2 |       ||     4
       Invisible         |       |       |     1 |     5 |     1 ||     7
       Held in net/web   |       |       |     1 |       |       ||     1
  Eat: Fruit             |       |       |       |     6 |       ||     6
